 Dungeon Crawl Stone Soup version 0.29-a0-982-gaed3a0c8d8 (webtiles) character file.

Game seed: 5699279285766276318

303 jlumianski the Chopper (level 6, 0/55 HPs)
             Began as a Minotaur Fighter on Aug 1, 2022.
             Succumbed to a gnoll's poison
             ... on level 5 of the Dungeon.
             The game lasted 00:12:32 (2580 turns).

jlumianski the Chopper (Minotaur Fighter)           Turns: 2580, Time: 00:12:33

Health: 0/55       AC: 11    Str: 22    XL:     6   Next: 15%
Magic:  5/5        EV: 22    Int:  5    God:
Gold:   114        SH:  4    Dex: 10    Spells: 5/5 levels left

rFire   . . .      SeeInvis .   a - +0 war axe
rCold   . . .      Faith    .   c - +0 buckler
rNeg    . . .      Spirit   .   o - +0 chain mail
rPois   .          Reflect  .   (helmet restricted)
rElec   .          Harm     .   (no cloak)
rCorr   .          Rampage  .   (no gloves)
Will    .....                   q - +0 pair of boots
Stlth   ..........              k - amulet of the acrobat
HPRegen 0.18/turn               (no ring)
MPRegen 0.09/turn               (no ring)

@: lethally poisoned (0 -> -16), acrobatic
A: horns 2, retaliatory headbutt
a: no special abilities


You were on level 5 of the Dungeon.
You visited 1 branch of the dungeon, and saw 6 of its levels.

You collected 114 gold pieces.

Inventory:

Hand Weapons
 a - a +0 war axe (weapon)
 d - the +1 whip of Jixtyhom {vorpal, rF+ rCorr Str+4 Dex+4}
   (You found it on level 4 of the Dungeon)

   It inflicts extra damage upon your enemies.
   Str:       It affects your strength (+4).
   Dex:       It affects your dexterity (+4).
   rF:        It protects you from fire.
   rCorr:     It protects you from acid and corrosion.
 j - a +0 sling
Missiles
 f - 28 stones (quivered)
 r - 4 poisoned darts
Armour
 b - a +0 scale mail
 c - a +0 buckler (worn)
 o - a +0 chain mail (worn)
 q - a +0 pair of boots (worn)
Jewellery
 g - an amulet of magic regeneration
 k - an amulet of the acrobat (around neck)
Potions
 h - 2 potions of curing
 l - a potion of magic
 m - a potion of degeneration {unknown}
 n - a potion of flight {unknown}
 p - a potion of brilliance


   Skills:
 + Level 4.8 Fighting
 + Level 5.4 Axes
 + Level 4.9 Armour
 + Level 0.4 Dodging
 + Level 4.8 Shields


You had 5 spell levels left.
You didn't know any spells.
Your spell library contained the following spells:

 Spells                   Type           Power      Damage    Failure   Level
 Necrotise                Necr           0%         1d4       99%         1
 Vampiric Draining        Necr           0%         2d6       100%        3
 Agony                    Necr           0%         N/A       100%        5


Dungeon Overview and Level Annotations

Branches:
Dungeon (6/15)
 Temple: D:4-7

Altars:

Shops:
D:5 (


Innate Abilities, Weirdness & Mutations

You have a pair of horns on your head.
You reflexively headbutt those who attack you in melee.


Message History

The jackal barely misses you.
The quokka bites you but does no damage.
The hound bites you but does no damage. The gnoll hits you but does no damage.
You are more poisoned.
The gnoll barely misses you.
You barely miss the gnoll.
The gnoll is lightly wounded.
You slash the hound! You barely miss the jackal. You closely miss the quokka.
You feel less invigorated.
You feel less confused.
You feel very sick. You block the jackal's attack. The hound bites you.
The quokka bites you but does no damage.
The jackal bites you but does no damage.
You block the gnoll's attack.
The gnoll hits you with a +2 whip of venom.
You are lethally poisoned!
The hound barely misses you. The quokka bites you.
* * * LOW HITPOINT WARNING * * *
You hit the gnoll.
The gnoll is moderately wounded.
You miss the hound. You barely miss the jackal. You slash the quokka!
You kill the quokka!
* * * LOW HITPOINT WARNING * * *
You feel extremely sick. The jackal barely misses you.
The hound bites you but does no damage. The gnoll hits you but does no damage.
The gnoll misses you. The jackal barely misses you. You furiously retaliate!
You headbutt the jackal. The hound bites you but does no damage.
Blink to where?
Press: ? - help, Dir - move target An orc comes into view.
It is wielding a +0 club.
As you read the scroll labelled ENURI TIPTEDO, it crumbles to dust.
It was a scroll of blinking.
* * * LOW HITPOINT WARNING * * *
You feel very sick.
The orc priest invokes the aid of Beogh against you.
You barely resist.
The orc throws a boomerang.
The boomerang hits you but does no damage.
You die...

.....# o....## #..h..# #...g.#
... #..h.n# .... #.....# ....
#.....####+########+###...
#####...........o......#########
#...........@...(.g#†......#
#.................o)n†g....#.
#..................#h†.......
#.................o######....
##########............hh...##
#.............h...#
#......[..........#
#.................#
+.................#


You could see an orc priest, a gnoll and 2 orcs.

Vanquished Creatures
  A hound (D:3)
  2 orc priests (D:3)
  2 orc wizards (D:4)
  5 adders
  2 worms
  4 dart slugs
  13 orcs
  6 ball pythons
  5 endoplasms
  4 giant cockroaches
  8 goblins
  4 hobgoblins
  12 jackals
  7 kobolds
  2 quokkas
  9 bats
  A frilled lizard (D:1)
  7 rats
94 creatures vanquished.

Notes
Turn   | Place    | Note
-------+----------+-------------------------------------------
     0 | D:1      | jlumianski the Minotaur Fighter began the quest for the
                  | Orb.
     0 | D:1      | Reached XP level 1. HP: 19/19 MP: 0/0
     2 | D:1      | You fall into a shaft and drop 1 floor!
     3 | D:2      | Found a faded altar of an unknown god.
    29 | D:1      | Reached XP level 2. HP: 25/27 MP: 1/1
   269 | D:1      | Reached XP level 3. HP: 31/32 MP: 2/2
   812 | D:2      | Reached skill level 3 in Axes
  1234 | D:2      | Reached XP level 4. HP: 36/41 MP: 3/3
  1724 | D:4      | Reached skill level 4 in Axes
  1739 | D:4      | Reached XP level 5. HP: 17/47 MP: 4/4
  1745 | D:4      | Identified the +1 whip of Jixtyhom {vorpal, rF+ rCorr Str+4
                  | Dex+4}
  2130 | D:3      | Reached skill level 5 in Axes
  2316 | D:3      | Reached XP level 6. HP: 52/55 MP: 5/5
  2394 | D:5      | Entered Level 5 of the Dungeon
  2409 | D:5      | Found Eruiclar's Antique Weapon Shop.
  2428 | D:6      | Noticed a water moccasin
  2533 | D:5      | Paralysed by a gnoll for 2 turns
  2579 | D:5      | HP: 2/55 [poisoned by a gnoll]
  2580 | D:5      | Succumbed to a gnoll's poison

Illustrated notes

Levels and vault maps discovered:
D:1:      dpeg_arrival_tiny_c, layout_basic, minmay_misc_feat_x
D:2:      layout_rooms, chequers_ecumenical_altar_simple
D:3:      layout_loops_cross, st_stairs_11
D:4:      layout_loops_ring
D:5:      layout_gridville, st_stairs_3, nicolae_stop_n_shop_1
D:6:      layout_rooms, uniq_menkaure

Skill      XL: |  1  2  3  4  5 |
---------------+----------------+-----
Fighting       | 4 |  4.8
Armour         | 4 |  4.9
Shields        | 4 |  4.8
Axes           | 3 4 5 |  5.4
Dodging        | |  0.4

Action                   |  1- 3 |  4- 6 || total
-------------------------+-------+-------++-------
Melee: War axe           |    94 |    96 ||   190
       Headbutt          |    13 |     9 ||    22
  Use: Potion            |     1 |     4 ||     5
       Scroll            |       |     6 ||     6
Armor: Scale mail        |    71 |     1 ||    72
       Chain mail        |       |    87 ||    87
Dodge: Dodged            |    69 |   104 ||   173
Block: Buckler           |    31 |    39 ||    70

Table legend: (Time is in decaauts)
 A = Elapsed time spent in this place.
 B = Non-inter-level travel time spent in this place.
 C = Inter-level travel time spent in this place.
 D = Time resting spent in this place.
 E = Time spent auto-exploring this place.
 F = Levels seen in this place.
 G = Mean time per level.
                   A        B        C        D        E       F      G
               +--------+--------+--------+--------+--------+-----+--------+
         Total |   2654 |   2626 |     28 |     47 |   1265 |   6 |  442.3 |
       Dungeon |   2654 |   2626 |     28 |     47 |   1265 |   6 |  442.3 |
               +--------+--------+--------+--------+--------+-----+--------+

Top non-repeatable levels by time:
     D:1: 965 daAuts
     D:3: 895 daAuts
     D:2: 484 daAuts
     D:5: 165 daAuts
     D:4: 133 daAuts
     D:6: 9 daAuts
